 Dungeon Crawl Stone Soup version 0.26.1-10-gdfb7c7de75 (webtiles) character file.

Game seed: 14885501390561458617

22520 Cykl0x the Carver (level 12, -4/103 HPs)
             Began as a Minotaur Fighter on Apr 9, 2021.
             Was an Elder of the Shining One.
             Slain by a skeletal warrior
             ... wielding a +0 halberd
             ... led by a skeletal warrior
              (12 damage)
             ... on level 13 of the Dungeon on Apr 10, 2021.
             The game lasted 00:23:52 (14624 turns).

Cykl0x the Carver (Minotaur Fighter)               Turns: 14624, Time: 00:23:53

Health: -4/103     AC: 16    Str: 24    XL:     12   Next: 63%
Magic:  11/16      EV: 11    Int:  5    God:    the Shining One [****..]
Gold:   911        SH: 18    Dex: 12    Spells: 11/11 levels left

rFire    . . .     SeeInvis .   C - +1 scimitar (flame)
rCold    . . .     Faith    .   c - +1 kite shield
rNeg     + + .     Spirit   .   x - +0 plate armour
rPois    .         Reflect  +   (helmet restricted)
rElec    .         Harm     .   u - +0 cloak
rCorr    .         Rampage  .   (no gloves)
Will     .....                  (no boots)
Stlth    ..........             d - amulet of reflection
HPRegen  0.27/turn              (no ring)
MPRegen  0.15/turn              (no ring)

@: glowing
A: retaliatory headbutt, horns 2
a: Renounce Religion, Divine Shield, Cleansing Flame


You were on level 13 of the Dungeon.
You worshipped the Shining One.
The Shining One was greatly pleased with you.
You visited 2 branches of the dungeon, and saw 14 of its levels.

You collected 911 gold pieces.

Inventory:

Hand Weapons
 C - a +1 scimitar of flaming (weapon)
 G - a +7 scimitar
Missiles
 f - 277 stones
 n - 27 poisoned darts
 B - 13 boomerangs (quivered)
 H - 2 boomerangs of dispersal
Armour
 c - a +1 kite shield (worn)
 u - a +0 cloak (worn)
 x - a +0 plate armour (worn)
Jewellery
 d - an amulet of reflection (around neck)
 r - an uncursed ring of flight
Wands
 g - a wand of flame (36)
 o - a wand of enslavement (9)
 q - a wand of paralysis (7)
 A - a wand of polymorph (24)
Scrolls
 a - 3 scrolls of teleportation
 b - a scroll of immolation
 k - 6 scrolls of remove curse
 l - 4 scrolls of enchant armour
 m - 2 scrolls of blinking
 t - a scroll of fear
 y - 2 scrolls of amnesia
 D - 2 scrolls of fog
 E - 2 scrolls of summoning
Potions
 e - 2 potions of heal wounds
 h - 4 potions of curing
 i - 4 potions of brilliance
 j - a potion of resistance
 p - 3 potions of haste
 s - 2 potions of might
 v - 4 potions of cancellation
 w - a potion of degeneration
 z - 3 potions of lignification


   Skills:
 + Level 8.5 Fighting
 + Level 12.8 Long Blades
 + Level 5.1 Throwing
 + Level 10.2 Armour
 * Level 9.7 Dodging
 + Level 11.2 Shields
 + Level 0.7 Unarmed Combat
 * Level 7.2 Invocations


You had 11 spell levels left.
You didn't know any spells.
Your spell library contained the following spells:

 Spells                   Type           Power        Failure   Level
 Animate Skeleton         Necr           0%           100%        1
 Pain                     Necr           0%           100%        1
 Sting                    Tmut/Pois      0%           100%        1
 Poisonous Vapours        Pois/Air       0%           100%        2
 Ignite Poison            Fire/Tmut/Pois 0%           100%        3
 Mephitic Cloud           Conj/Pois/Air  0%           100%        3
 Vampiric Draining        Necr           0%           100%        3
 Animate Dead             Necr           0%           100%        4
 Olgreb's Toxic Radiance  Pois           0%           100%        4
 Agony                    Necr           0%           100%        5


Dungeon Overview and Level Annotations

Branches:
Dungeon (13/15)            Temple (1/1) D:6            Lair (0/6) D:9
    Orc (0/2) D:12
 Vaults: D:13-14

Altars:
Ashenzari
Cheibriados
Gozag
Hepliaklqana
Kikubaaqudgha
Makhleb
Nemelex Xobeh
Trog
Wu Jian
Xom
Yredelemnul
The Shining One

Shops:
D:6 *


Innate Abilities, Weirdness & Mutations

You reflexively headbutt those who attack you in melee.
You have a pair of horns on your head.


Message History

The skeletal warrior hits you from afar with a +0 trident.
* * * LOW HITPOINT WARNING * * *
The golden flame engulfs you but does no damage.
You resist.
The golden flame engulfs the skeletal warrior!
The skeletal warrior writhes in agony!
The skeletal warrior is moderately damaged.
The golden flame engulfs the skeletal warrior!
The skeletal warrior writhes in agony!
The skeletal warrior is moderately damaged.
The golden flame engulfs the skeletal warrior!!!
The skeletal warrior writhes in agony!
The skeletal warrior is severely damaged.
The golden flame engulfs the skeletal warrior.
The skeletal warrior writhes in agony!
The skeletal warrior is lightly damaged.
You hear a shout! x10; You hear a bellow!
You hear a shout! x6
You block the skeletal warrior's attack. x3
The skeletal warrior hits you from afar with a +0 halberd!
You die...

.....................
.................(c.(
#..............z..z ...
#...........cc.....
...###..................
...........###..(.......
...........# #..........
...........###(.........
..........)@)z..........
#..........zzz..........
#......<................
#................(......
........................
...........###.........
...........# #........
...........# .......
...###...... ......


You could see 4 skeletal warriors.

Vanquished Creatures
  An ettin (D:9)
  2 centaur warriors
  A hydra (D:13)
  Erica (D:9)
  4 two-headed ogres
  An unseen horror (D:8)
  Pikel (D:4)
  An ugly thing (D:12)
  2 cyclopes
  Joseph (D:8)
  Psyche (D:8)
  A kobold demonologist (D:9)
  A hornet (D:11)
  2 trolls
  5 slime creatures (D:12)
  A shadow (D:9)
  Sigmund (D:4)
  14 yaks
  A vampire (D:12)
  5 wyverns
  A basilisk (D:9)
  2 vampire mosquitoes (D:11)
  4 water moccasins (D:9)
  5 orc warriors
  2 ice beasts
  6 phantoms
  4 sky beasts
  2 necrophages
  10 ogres
  7 centaurs
  7 big kobolds
  A gnoll sergeant (D:4)
  5 bullfrogs
  A water moccasin skeleton (D:11)
  3 scorpions
  22 killer bees
  19 wights
  4 howler monkeys
  A bullfrog zombie (D:8)
  5 hounds
  A jelly (D:6)
  2 bullfrog skeletons
  A centaur skeleton (D:5)
  9 orc priests
  Crazy Yiuf (D:5)
  19 orc wizards
  4 iguanas
  Ijyb (D:5)
  7 worker ants
  Terence (D:3)
  A killer bee zombie (D:6)
  16 gnolls
  10 adders
  2 howler monkey skeletons
  3 shadow imps
  2 white imps
  2 ufetubi (D:9)
  3 oozes
  2 adder skeletons
  An adder zombie (D:7)
  5 worms
  4 dart slugs
  8 leopard geckos
  55 orcs
  4 giant cockroaches
  6 goblins
  10 hobgoblins
  8 jackals
  16 kobolds
  7 quokkas
  A ball python (D:1)
  7 bats
  2 frilled lizards
  13 rats
392 creatures vanquished.

Vanquished Creatures (others)
  4 bushes (D:9)
  5 fungi (D:9)
  26 plants (D:9)
35 creatures vanquished.

Grand Total: 427 creatures vanquished

Notes
Turn   | Place    | Note
-------+----------+-------------------------------------------
     0 | D:1      | Cykl0x the Minotaur Fighter began the quest for the Orb.
     0 | D:1      | Reached XP level 1. HP: 19/19 MP: 0/0
    99 | D:1      | Reached XP level 2. HP: 27/27 MP: 1/1
   102 | D:1      | Reached skill level 1 in Dodging
   692 | D:1      | Reached XP level 3. HP: 33/33 MP: 2/2
  1093 | D:2      | Reached skill level 3 in Long Blades
  1881 | D:3      | Reached XP level 4. HP: 40/40 MP: 3/3
  2032 | D:3      | Reached skill level 1 in Throwing
  2430 | D:3      | Noticed Terence
  2437 | D:3      | Reached XP level 5. HP: 46/46 MP: 4/4
  2456 | D:3      | Killed Terence
  2457 | D:3      | Reached skill level 4 in Long Blades
  3089 | D:4      | Noticed an ogre
  3094 | D:4      | Killed an ogre
  3095 | D:4      | Reached XP level 6. HP: 24/52 MP: 5/5
  3257 | D:4      | Noticed Sigmund
  3264 | D:4      | Killed Sigmund
  3265 | D:4      | Reached skill level 5 in Long Blades
  3370 | D:4      | Reached XP level 7. HP: 52/60 MP: 6/6
  3490 | D:4      | Reached skill level 5 in Armour
  3538 | D:4      | Reached skill level 6 in Long Blades
  3538 | D:4      | Reached skill level 5 in Shields
  3677 | D:4      | Noticed Pikel
  3709 | D:4      | Killed Pikel
  3710 | D:4      | Reached skill level 7 in Long Blades
  3710 | D:4      | Reached XP level 8. HP: 35/67 MP: 7/7
  4192 | D:4      | Reached skill level 5 in Fighting
  4841 | D:5      | Entered Level 5 of the Dungeon
  4841 | D:5      | Noticed Ijyb
  4852 | D:5      | Killed Ijyb
  5194 | D:5      | Reached skill level 5 in Dodging
  5377 | D:5      | Reached skill level 8 in Long Blades
  6001 | D:5      | Found a runed translucent door.
  6002 | D:5      | Noticed Crazy Yiuf
  6008 | D:5      | Killed Crazy Yiuf
  6583 | D:6      | Found Zorrewnoont's General Store.
  6619 | D:6      | Reached XP level 9. HP: 69/74 MP: 8/8
  7037 | D:6      | Found a staircase to the Ecumenical Temple.
  7051 | Temple   | Entered the Ecumenical Temple
  7176 | Temple   | Became a worshipper of the Shining One
  7659 | D:7      | Reached skill level 1 in Invocations
  8004 | D:7      | Found a sparkling altar of Nemelex Xobeh.
  8304 | D:8      | Reached * piety under the Shining One
  8534 | D:8      | Reached skill level 9 in Long Blades
  8657 | D:8      | Noticed an unseen horror
  8668 | D:8      | Killed an unseen horror
  8669 | D:8      | Reached XP level 10. HP: 78/83 MP: 10/10
  8754 | D:8      | Noticed Psyche
  8774 | D:8      | Killed Psyche
  9117 | D:8      | Noticed Joseph
  9130 | D:8      | Killed Joseph
  9131 | D:8      | Reached skill level 10 in Long Blades
 10062 | D:9      | Noticed a two-headed ogre
 10093 | D:9      | Killed a two-headed ogre
 10391 | D:9      | Reached ** piety under the Shining One
 10413 | D:9      | Reached XP level 11. HP: 68/92 MP: 13/13
 10626 | D:9      | Noticed Erica
 10649 | D:9      | Killed Erica
 10905 | D:9      | Found an ornate altar of the Wu Jian Council.
 10905 | D:9      | Found a transporter.
 10905 | D:9      | Noticed an ettin
 10913 | D:9      | Found a transporter.
 10941 | D:9      | Noticed a two-headed ogre
 10967 | D:9      | Reached skill level 11 in Long Blades
 10967 | D:9      | Reached skill level 5 in Invocations
 10973 | D:9      | Killed a two-headed ogre
 11002 | D:9      | Killed an ettin
 11055 | D:9      | Noticed a centaur warrior
 11070 | D:9      | Reached skill level 10 in Shields
 11227 | D:9      | Noticed a two-headed ogre
 11342 | D:9      | Killed a centaur warrior
 11348 | D:9      | Killed a two-headed ogre
 11421 | D:9      | Found a staircase to the Lair.
 11556 | D:9      | Noticed a sixfirhy
 12024 | D:10     | Entered Level 10 of the Dungeon
 12278 | D:10     | Noticed a two-headed ogre
 12285 | D:10     | Killed a two-headed ogre
 12764 | D:10     | Reached *** piety under the Shining One
 13062 | D:11     | Paralysed by a hornet for 2 turns
 13076 | D:11     | Reached XP level 12. HP: 86/101 MP: 15/15
 13079 | D:11     | Reached skill level 12 in Long Blades
 13794 | D:12     | Found a staircase to the Orcish Mines.
 13798 | D:12     | Reached skill level 10 in Armour
 14007 | D:12     | Reached **** piety under the Shining One
 14394 | D:12     | Reached skill level 5 in Throwing
 14592 | D:13     | Noticed a centaur warrior
 14607 | D:13     | Killed a centaur warrior
 14610 | D:13     | Noticed a four-headed hydra
 14622 | D:13     | Killed a one-headed hydra
 14624 | D:13     | Slain by a skeletal warrior

Illustrated notes

Levels and vault maps discovered:
D:1:      dpeg_arrival_three_same_balls, layout_basic
D:2:      layout_loops_ring, serial_bayou_pond_d, nrook_mini_backslash,
          minmay_misc_feat_nine_boxes
D:3:      layout_basic, serial_corexii_hall, chequers_hall_statues_corner_a,
          corexii_hall_statues_i, corexii_hall_statues_u,
          chequers_hall_statues_wall_a, minmay_surrounded, uniq_terence
D:4:      layout_basic, lightli_minifort, uniq_pikel, uniq_sigmund
D:5:      layout_basic, serial_bayou_lake_a, uniq_crazy_yiuf_cottage, uniq_ijyb
D:6:      layout_loops_corners, minmay_temple_entry_junction, serial_shops, shop
D:7:      layout_loops_cross, nemelex_dance_club_becter
D:8:      layout_basic, uniq_psyche, uniq_joseph
D:9:      layout_long_grid, gammafunk_temple_overflow_arena,
          minmay_lair_entry_grove, special_room [special_room_kobold],
          uniq_erica
D:10:     layout_grid_maze
D:11:     layout_rooms
D:12:     layout_cave_pools, david_orc_2
D:13:     layout_big_octagon, grunt_gozag_breadcrumbs, uniq_josephine, uniq_urug
Temple:   roderic_octagonal_lattice_temple

Skill      XL: |  1  2  3  4  5  6  7  8  9 10 11 12 |
---------------+-------------------------------------+-----
Dodging        | 1 2 3 4 5 6 7 9 |  9.7
Armour         | 4 5 6 8 9 10 | 10.2
Long Blades    | 3 4 5 7 8 9 10 11 12 | 12.8
Fighting       | 4 5 6 7 8 |  8.5
Shields        | 4 5 6 8 9 10 11 | 11.2
Throwing       | 1 2 3 4 5 |  5.1
Invocations    | 2 4 6 7 |  7.2
Unarmed Combat | |  0.7

Action                   |  1- 3 |  4- 6 |  7- 9 | 10-12 || total
-------------------------+-------+-------+-------+-------++-------
Melee: Long sword        |    82 |   134 |   429 |    79 ||   724
       Headbutt          |    14 |    23 |   103 |   139 ||   279
       Falchion          |       |       |       |   166 ||   166
       Scimitar          |       |       |       |   398 ||   398
       Unarmed           |       |       |       |    11 ||    11
Throw: Stone             |    45 |    18 |    52 |    44 ||   159
       Dart              |       |       |       |    11 ||    11
       Boomerang         |       |       |       |    90 ||    90
Invok: Divine Shield     |       |       |       |     4 ||     4
       Cleansing Flame   |       |       |       |     1 ||     1
  Use: Scroll            |     6 |     3 |     9 |     8 ||    26
       Potion            |       |     1 |       |     2 ||     3
Armor: Scale mail        |    27 |       |       |       ||    27
       Chain mail        |     5 |    69 |    90 |       ||   164
       Plate armour      |       |       |    65 |   191 ||   256
Dodge: Dodged            |    31 |    29 |    74 |   187 ||   321
Block: Kite shield       |    29 |    56 |   234 |   486 ||   805
       Reflection        |       |       |       |    10 ||    10
       Rpst.: Long sword |    12 |     9 |    27 |     5 ||    53
       Falchion          |       |       |       |    12 ||    12
       Scimitar          |       |       |       |    25 ||    25
